 Dungeon Crawl Stone Soup version 0.27.0-1-g7a089689b8 (webtiles) character file.

Game seed: 12848360003556969249

39 Sin92 the Skirmisher (level 3, -3/29 HPs)
             Began as a Demonspawn Fighter on Aug 7, 2021.
             Killed from afar by an orc wizard (7 damage)
             ... with a puff of flame
             ... on level 3 of the Dungeon.
             The game lasted 00:01:33 (1228 turns).

Sin92 the Skirmisher (Demonspawn Fighter)           Turns: 1228, Time: 00:01:34

Health: -3/29      AC: 10    Str: 17    XL:     3   Next: 26%
Magic:  3/3        EV:  4    Int:  9    God:
Gold:   66         SH:  9    Dex: 12    Spells: 2/2 levels left

rFire    . . .     SeeInvis .   a - +0 war axe
rCold    . . .     Faith    .   c - +0 kite shield
rNeg     . . .     Spirit   .   m - +0 chain mail
rPois    .         Reflect  .   (no helmet)
rElec    .         Harm     .   (no cloak)
rCorr    .         Rampage  .   (no gloves)
Will     .....                  l - +0 pair of boots
Stlth    ..........             (no amulet)
HPRegen  0.09/turn              (no ring)
MPRegen  0.08/turn              (no ring)

@: no status effects
A: demonic magic 1
a: no special abilities


You were on level 3 of the Dungeon.
You visited 1 branch of the dungeon, and saw 3 of its levels.

You collected 66 gold pieces.

Inventory:

Hand Weapons
 a - a +0 war axe (weapon)
 h - a +1 spear of venom
Armour
 b - a +0 scale mail
 c - a +0 kite shield (worn)
 l - a +0 pair of boots (worn)
 m - a +0 chain mail (worn)
Wands
 f - a wand of flame (11)
Scrolls
 e - a scroll of fog {unknown}
 i - a scroll of silence {unknown}
 j - a scroll of identify {unknown}
Potions
 d - a potion of might
 g - a potion of curing {unknown}
 k - 2 potions of ambrosia {unknown}
 n - a potion of degeneration {unknown}


   Skills:
 + Level 3.2 Fighting
 * Level 2.4 Axes
 + Level 0.1(1.4) Polearms
 + Level 2.9 Armour
 + Level 0.6 Dodging
 + Level 3.0 Shields


You had 2 spell levels left.
You didn't know any spells.
Your spell library was empty.

Dungeon Overview and Level Annotations

Branches:
Dungeon (3/15)

Altars:


Innate Abilities, Weirdness & Mutations

Spells you cast may paralyse adjacent enemies.


Message History

You barely miss something. Something hits you.
Something hits you but does no damage.
You barely miss something.
You hear some strange, mumbled words.
Something tries to affect you, but you resist.
Unknown command.
You barely miss something.
An orc wizard appears from thin air!
Reactivating autopickup.
Something hits you but does no damage.
Deactivating autopickup; reactivate with Ctrl-A.
Something hits you but does no damage.
Unknown command.
You miss something. Something hits you but does no damage. Something hits you.
Unknown command.
You miss something. Something hits you but does no damage.
You miss something. You block something's attack. Something hits you.
You miss something. You block something's attack. Something hits you.
You closely miss something.
You hear some strange, mumbled words.
A puff of flame appears from out of thin air!
The puff of flame hits you.
* * * LOW HITPOINT WARNING * * *
Unknown command.
You closely miss something. You block something's attack.
Something hits you but does no damage.
Unknown command.
Your shield prevents you from hitting something.
Something hits you.
* * * LOW HITPOINT WARNING * * *
The orc wizard mumbles some strange words.
The orc wizard flickers and vanishes!
Unknown command.
You closely miss something.
Something hits you but does no damage. x2
Unknown command.
You miss something. Something hits you.
* * * LOW HITPOINT WARNING * * *
You hear some strange, mumbled words.
A puff of flame appears from out of thin air!
The puff of flame hits you!
You die...

..... .... #.#
#.... #.###.#
##.... #.....#
......####..####
.......go#Bo#
.......{o.g{#
........o##g#
#.>.g.#####{#
...... #@# #.#..
#.# # ### #.#
... ##.## #.#
#.. ###


You could see a gnoll, an orc, a giant cockroach and a goblin.

Vanquished Creatures
  An adder (D:2)
  A dart slug (D:1)
  An orc (D:3)
  An endoplasm (D:2)
  2 giant cockroaches (D:2)
  4 goblins
  A hobgoblin (D:1)
  2 kobolds (D:2)
  A quokka (D:1)
  4 bats (D:2)
  4 frilled lizards
  4 rats
26 creatures vanquished.

Notes
Turn   | Place    | Note
-------+----------+-------------------------------------------
     0 | D:1      | Sin92 the Demonspawn Fighter began the quest for the Orb.
     0 | D:1      | Reached XP level 1. HP: 18/18 MP: 1/1
   372 | D:1      | Gained mutation: Spells you cast may paralyse adjacent
                  | enemies. [demonic ancestry]
   372 | D:1      | Reached XP level 2. HP: 24/24 MP: 2/2
   412 | D:1      | You fall into a shaft and drop 1 floor!
   858 | D:2      | Reached XP level 3. HP: 27/29 MP: 3/3
  1228 | D:3      | Killed from afar by an orc wizard

Illustrated notes

Levels and vault maps discovered:
D:1:      beargit_arrival_diablo_church, layout_rooms, minmay_splitting_lines,
          roderic_lattice_a, minmay_misc_feat_tower, minmay_tetromino_l4
D:2:      layout_loops_ring
D:3:      layout_loops_ring

Skill      XL: |  1  2  3 |
---------------+----------+-----
Axes           | 2 |  2.4
Shields        | 3 |  3.0
Fighting       | |  3.2
Polearms       | |  0.1
Armour         | |  2.9
Dodging        | |  0.6

Action                   || total
-------------------------++-------
Melee: War axe           ||    84
Armor: Scale mail        ||    48
       Chain mail        ||    15
Dodge: Dodged            ||    33
Block: Kite shield       ||    44
